 Dungeon Crawl Stone Soup version 0.24.0-125-gc4c63601f3 (webtiles) character file.

Game seed: 3406862068036041919, levelgen mode: deterministic

334 Divind the Slasher (level 6, 0/57 HPs)
             Began as a Naga Berserker on Mar 6, 2020.
             Was a Believer of Trog.
             Killed from afar by an orc wizard (6 damage)
             ... with a puff of flame
             ... on level 4 of the Dungeon.
             The game lasted 00:07:27 (2434 turns).

Divind the Slasher (Naga Berserker)                 Turns: 2434, Time: 00:07:27

Health: 0/57       AC:  6    Str: 22    XL:     6   Next: 53%
Magic:  6/6        EV:  7    Int:  7    God:    Trog [**....]
Gold:   176        SH:  3    Dex: 10    Spells: 5/5 levels left

rFire    . . .     SeeInvis +   a - +0 falchion
rCold    + . .     Gourm    .   i - +0 buckler
rNeg     . . .     Faith    .   e - +1 scale mail (curse)
rPois    +         Spirit   .   (no helmet)
rElec    .         Reflect  .   (no cloak)
rCorr    .         Harm     .   (no gloves)
MR       .....                  (no barding)
Stlth    ..........             (no amulet)
HPRegen  0.19/turn              n - ring of protection from cold
MPRegen  0.10/turn              (no ring)

@: very slow
A: large, see invisible, deformed body, poison resistance, slowness 2, slow
metabolism 1, spit poison 1, AC +2
a: Spit Poison, Berserk, Trog's Hand, Renounce Religion


You were on level 4 of the Dungeon.
You worshipped Trog.
Trog was pleased with you.
You were not hungry.

You visited 1 branch of the dungeon, and saw 4 of its levels.

You collected 176 gold pieces.

Inventory:

Hand Weapons
 a - a +0 falchion (weapon)
Armour
 b - a +0 animal skin
 e - a cursed +1 scale mail (worn)
 i - a +0 buckler (worn)
Jewellery
 n - a ring of protection from cold (left hand)
Scrolls
 d - 4 scrolls of teleportation {unknown}
 f - 4 scrolls of amnesia {unknown}
 j - a scroll of identify {unknown}
 l - a scroll of remove curse {unknown}
 o - a scroll of enchant weapon {unknown}
Potions
 g - 2 potions of brilliance {unknown}
 h - a potion of resistance {unknown}
 m - a potion of ambrosia {unknown}
Comestibles
 c - 6 rations


   Skills:
 + Level 4.2 Fighting
 + Level 5.3 Long Blades
 + Level 2.7 Armour
 + Level 2.1 Dodging
 + Level 0.3 Stealth
 + Level 0.4 Shields


You had 5 spell levels left.
You didn't know any spells.
Your spell library was empty.

Dungeon Overview and Level Annotations

Branches:
Dungeon (4/15)
 Temple: D:4-7

Altars:
Ashenzari
Makhleb
Wu Jian
The Shining One


Innate Abilities, Weirdness & Mutations

You cannot wear boots.
Your serpentine skin is tough. (AC +2)
You have supernaturally acute eyesight. (SInv)
Armour fits poorly on your strangely shaped body.
Your system is resistant to poisons. (rPois)
You cover ground very slowly.
You have a slow metabolism.
You can spit poison.


Message History

You closely miss the orc wizard.
The orc wizard hits you with a +0 dagger.
The orc wizard barely misses you.
You closely miss the orc wizard.
The orc wizard looks braver for a moment.
You closely miss the orc wizard.
The orc wizard gestures at you while chanting.
The puff of flame hits you!
The orc wizard gestures at you while chanting.
The puff of flame hits you!
* * * LOW HITPOINT WARNING * * *
You hit the orc wizard.
The orc wizard is moderately wounded.
You block the orc wizard's attack.
You hit the orc wizard.
The orc wizard is moderately wounded.
The orc wizard hits you but does no damage.
The orc wizard gestures at you while chanting.
The puff of flame hits you.
You die...

.# .## ..
###.### #
#.....# .
#..#.##.....##.#
#.$...........#
#o.†..# #@....#
###.......
.###... .# .# .#
# .# .# ..


You could see an orc wizard.

Vanquished Creatures
  The ghost of LraC the Shooter, an amateur CeHu (D:3)
  A howler monkey (D:4)
  A hound (D:2)
  Jessica (D:3)
  A worker ant (D:4)
  Terence (D:3)
  4 adders
  2 worms (D:2)
  A dart slug (D:1)
  5 leopard geckos
  2 orcs
  9 bats
  5 giant cockroaches
  8 hobgoblins
  2 quokkas (D:3)
  2 ball pythons (D:2)
  4 frilled lizards
  5 goblins
  7 kobolds
  2 rats
64 creatures vanquished.

Notes
Turn   | Place    | Note
-------+----------+-------------------------------------------
     0 | D:1      | Divind the Naga Berserker began the quest for the Orb.
     0 | D:1      | Reached XP level 1. HP: 21/21 MP: 1/1
   271 | D:1      | Reached XP level 2. HP: 26/28 MP: 2/2
   771 | D:2      | Reached XP level 3. HP: 25/34 MP: 3/3
  1252 | D:2      | Reached ** piety under Trog
  1252 | D:2      | Reached XP level 4. HP: 34/44 MP: 4/4
  1292 | D:2      | Found a shattered altar of Ashenzari.
  1379 | D:2      | Reached skill level 4 in Long Blades
  1564 | D:2      | Found a burning altar of Makhleb.
  1701 | D:3      | Reached XP level 5. HP: 49/50 MP: 5/5
  1730 | D:3      | Noticed Jessica
  1742 | D:3      | Killed Jessica
  1798 | D:3      | Found a runed translucent door.
  1803 | D:3      | Noticed LraC's ghost (amateur CeHu)
  1878 | D:3      | Noticed Terence
  1893 | D:3      | Killed Terence
  1974 | D:3      | Found a glowing golden altar of the Shining One.
  1975 | D:3      | Found an ornate altar of the Wu Jian Council.
  2207 | D:3      | Killed LraC's ghost
  2207 | D:3      | Reached skill level 5 in Long Blades
  2207 | D:3      | Reached XP level 6. HP: 20/57 MP: 6/6
  2434 | D:4      | Killed from afar by an orc wizard

Levels and vault maps discovered:
D:1:      dpeg_arrival_simpleton_c, layout_loops_ring, minmay_pentomino_u4
D:2:      layout_loops_ring, makhleb_heckhound_becter,
          nicolae_overflow_hidden_temple, old_standard_altar
D:3:      layout_rooms, minitemple, first_ration, ebering_ghost_reflecting_pool,
          grunt_ministairs_10, kennysheep_boxes, uniq_jessica, uniq_terence
D:4:      layout_loops_ring, lemuel_doored_altar, kennysheep_little_box,
          minmay_temple_entry_antechambers, uniq_edmund, uniq_robin

Skill      XL: |  1  2  3  4  5 |
---------------+----------------+-----
Long Blades    | 4 5 |  5.3
Armour         | 2 |  2.7
Dodging        | 2 |  2.1
Fighting       | 4 |  4.2
Stealth        | |  0.3
Shields        | |  0.4

Action                   |  1- 3 |  4- 6 || total
-------------------------+-------+-------++-------
Melee: Falchion          |    96 |   142 ||   238
Invok: Berserk           |       |     1 ||     1
  Use: Scroll            |     1 |       ||     1
  Eat: Chunk             |       |     3 ||     3
       Ration            |       |     1 ||     1
Armor: Animal skin       |     9 |       ||     9
       Scale mail        |    38 |    73 ||   111
Dodge: Dodged            |    55 |    41 ||    96
Block: Buckler           |     1 |    15 ||    16
       Rpst.: Falchion   |    22 |    15 ||    37
